 Dungeon Crawl Stone Soup version 0.25-a0-388-g41a7e554cb (webtiles) character file.

Game seed: 4124633193025806408, levelgen mode: deterministic

1958 mopl the Destroyer (level 9, 51/51 HPs)
             Began as a Human Conjurer on Jan 6, 2020.
             Was a Believer of Hepliaklqana.
             Got out of the dungeon alive.
             The game lasted 00:17:39 (6403 turns).

mopl the Destroyer (Human Conjurer)                 Turns: 6403, Time: 00:17:40

Health: 51/51      AC: 10    Str:  9    XL:     9   Next: 42%
Magic:  19/19      EV: 12    Int: 18    God:    Hepliaklqana [**....]
Gold:   315        SH:  0    Dex: 14    Spells: 10/21 levels left

rFire    . . .     SeeInvis +   (no weapon)
rCold    . . .     Gourm    .   (no shield)
rNeg     + . .     Faith    .   u - +0 troll leather armour {Purgy}
rPois    .         Spirit   .   e - +0 helmet (curse)
rElec    .         Reflect  .   B - +2 cloak
rCorr    .         Harm     .   (no gloves)
MR       .....                  v - +1 pair of boots
Stlth    ++........             (no amulet)
HPRegen  0.57/turn              i - ring of positive energy
MPRegen  0.16/turn              m - ring of see invisible

@: no status effects
A: reduced essence
a: Recall Ancestor, Ancestor Identity, Renounce Religion


You escaped.
You worshipped Hepliaklqana.
Hepliaklqana was pleased with you.
You were not hungry.

You visited 1 branch of the dungeon, and saw 7 of its levels.
You also visited: Sewer and Ossuary.

You collected 315 gold pieces.

Inventory:

Missiles
 n - 12 boomerangs (quivered)
Armour
 e - a cursed +0 helmet (worn)
 u - a +0 troll leather armour (worn) {Purgy}
 v - a +1 pair of boots (worn)
 B - a +2 cloak (worn)
Jewellery
 i - a ring of positive energy (left hand)
 m - a ring of see invisible (right hand)
Wands
 x - a wand of acid (3)
 D - a wand of iceblast (14)
Scrolls
 d - 2 scrolls of fog {unknown}
 g - 2 scrolls of random uselessness {unknown}
 h - 10 scrolls of remove curse {unknown}
 k - 4 scrolls of teleportation {unknown}
 l - a scroll of immolation
 o - 2 scrolls of enchant weapon {unknown}
 p - 3 scrolls of magic mapping {unknown}
 q - 2 scrolls of fear
 y - a scroll of amnesia
Potions
 a - a potion of cancellation
 b - a potion of invisibility
 f - 8 potions of curing
 j - 4 potions of resistance
 r - 2 potions of magic
 s - 2 potions of flight
 t - 3 potions of heal wounds
 w - a potion of berserk rage {!q}
 A - 2 potions of lignification {!q}
 C - a potion of might
 E - a potion of agility
Comestibles
 c - 9 rations
 z - a chunk of flesh


   Skills:
 - Level 2.0 Dodging
 - Level 2.0 Stealth
 * Level 6.8 Spellcasting
 * Level 8.2 Conjurations
 - Level 5.0 Hexes
 + Level 2.7 Translocations


You had 10 spell levels left.
You knew the following spells:

 Your Spells              Type           Power        Failure   Level  Hunger
a - Magic Dart            Conj           ####         1%          1    None
b - Searing Ray           Conj           #####.       1%          2    None
c - Iskenderun's Mystic   Conj/Tloc      ####....     17%         4    ####...
d - Fulminant Prism       Conj/Hex       ####......   11%         4    ####...

Your spell library contained the following spells:

 Spells                   Type           Power        Failure   Level  Hunger
 Dazzling Flash           Conj/Hex       ####..       3%          3    ##.....
 Animate Skeleton         Necr           N/A          16%         1    None
 Pain                     Necr           #...         16%         1    None
 Vampiric Draining        Necr           #.........   43%         3    ##.....
 Animate Dead             Necr           N/A          83%         4    ####...
 Agony                    Necr           #.......     99%         5    #####..


Dungeon Overview and Level Annotations

Branches:
Dungeon (7/15)             Temple (0/1) D:5           Sewer (visited)
Ossuary (visited)

Altars:
Ashenzari
Dithmenos
Elyvilon
Fedhas
Hepliaklqana
Nemelex Xobeh
Okawaru
Ru
Sif Muna
Vehumet
Wu Jian
Xom


Message History

Confirm with . or Enter, or press ? or * to list all spells.
Aiming: Searing Ray (safe; 1% risk of failure)
Press: ? - help, Shift-Dir - straight line, f - dart slug
Aim: a dart slug The searing ray hits the dart slug.
The dart slug is heavily wounded. (Press . to maintain the ray.)
The dart slug closely misses you.
Hypermopl points at the dart slug and mumbles some strange words.
The puff of frost hits the dart slug!
The dart slug dies!
There is a stone staircase leading up here.
You climb upwards.
There is a stone staircase leading down here.
Unknown command.
There is a stone staircase leading down here.
You see here a robe.
There is a staircase leading out of the dungeon here.
Are you sure you want to leave the Dungeon?
This will make you lose the game!
You have escaped!

#...######...#...#.....#...# ##
#......###.###.###.###.#.###
###...##..##.....#...# #...#
.##...###.##.#####.#.###.#^# ##
....### #....#(..#.#.....#.# #.
.#### ######.#######.#########.
.# #...#...# #.....#...#. .###
####.###R#R#####.#R#.#.##
...######...)# #@#...#...#.[.#...
##.##..##.##.#######.#R#####.####
##..#.....##.)....##...# #.....
.....(....############## ########
.##.....#..# #.......
..###.#.##.# #.####..
#..##.#.##.# ##......#
#..........# ###..######
#..........## #...##


You could see the friendly hypermopl the battlemage.

Vanquished Creatures
  A hippogriff (D:7)
  Purgy (Sewer)
  An ice beast (D:5)
  A centaur (D:5)
  3 scorpions
  A crimson imp (D:6)
  3 hounds
  An iguana (D:7)
  A bullfrog skeleton (D:5)
  Ijyb (D:5)
  Natasha (D:2)
  An orc wizard (D:6)
  A statue (D:6)
  A battlemage (D:7)
  A worker ant zombie (D:6)
  A gnoll (D:5)
  5 adders
  A scorpion zombie (Ossuary)
  An ancestor (D:4)
  3 worms
  4 leopard geckos
  11 orcs
  2 ball pythons
  3 bats
  10 giant cockroaches
  4 goblins
  5 hobgoblins
  5 jackals
  2 quokkas
  A ball python skeleton (D:4)
  5 frilled lizards
  A gnoll zombie (Ossuary)
  A goblin zombie (Ossuary)
  A hobgoblin zombie (Ossuary)
  2 kobolds
  A leopard gecko skeleton (D:6)
  An orc zombie (Ossuary)
  A quokka skeleton (D:2)
90 creatures vanquished.

Vanquished Creatures (collateral kills)
  Grinder (D:5)
  An ogre (D:5)
  A bullfrog (D:6)
  4 scorpions
  3 centaur zombies
  An orc wizard (D:6)
  An iguana (D:6)
  3 big kobold zombies (Ossuary)
  A hound skeleton (D:6)
  3 mummies (Ossuary)
  An adder (D:5)
  6 gnolls
  3 scorpion zombies (Ossuary)
  2 worms
  A dart slug (D:2)
  2 orcs (D:6)
  A giant cockroach (D:3)
  A gnoll zombie (Ossuary)
  2 jackals
  A ball python (Sewer)
  A frilled lizard (Sewer)
  A hobgoblin zombie (Ossuary)
  A butterfly (D:5)
42 creatures vanquished.

Vanquished Creatures (others)
  A scorpion (Ossuary)
  A fulminant prism (D:5)
2 creatures vanquished.

Grand Total: 134 creatures vanquished

Notes
Turn   | Place    | Note
-------+----------+-------------------------------------------
     0 | D:1      | mopl the Human Conjurer began the quest for the Orb.
     0 | D:1      | Reached XP level 1. HP: 13/13 MP: 3/3
   559 | D:2      | Reached XP level 2. HP: 19/19 MP: 1/5
   573 | D:2      | Learned a level 2 spell: Searing Ray
   810 | D:2      | Reached XP level 3. HP: 24/24 MP: 0/7
   980 | D:2      | Noticed Natasha
   987 | D:2      | Killed Natasha
   987 | D:2      | Reached skill level 3 in Spellcasting
   987 | D:2      | Reached XP level 4. HP: 29/30 MP: 3/8
  1215 | D:2      | Found a blossoming altar of Fedhas.
  1734 | D:2      | Found a hazy altar of Hepliaklqana.
  1741 | D:2      | Became a worshipper of Hepliaklqana the Forgotten
  1901 | D:3      | Found a glowing drain.
  1928 | D:3      | Reached skill level 5 in Conjurations
  1943 | Sewer    | Entered a sewer
  2029 | Sewer    | Reached XP level 5. HP: 21/31 MP: 6/10
  2127 | Sewer    | Learned a level 4 spell: Fulminant Prism
  2192 | Sewer    | Noticed Purgy
  2198 | Sewer    | Killed Purgy
  2198 | Sewer    | Reached skill level 1 in Hexes
  2198 | Sewer    | Reached XP level 6. HP: 27/36 MP: 3/11
  2447 | D:3      | Found an iron altar of Okawaru.
  2567 | D:3      | Found a shadowy altar of Dithmenos.
  2830 | D:3      | Found a sparkling altar of Nemelex Xobeh.
  2832 | D:3      | Found a sacrificial altar of Ru.
  2832 | D:3      | Found an ornate altar of the Wu Jian Council.
  3019 | D:4      | Reached skill level 4 in Spellcasting
  3023 | D:4      | Reached skill level 2 in Hexes
  3105 | D:4      | Reached * piety under Hepliaklqana
  3547 | D:4      | Found a shattered altar of Ashenzari.
  3980 | D:5      | Entered Level 5 of the Dungeon
  3980 | D:5      | Noticed Grinder
  3998 | D:5      | Reached XP level 7. HP: 27/41 MP: 6/13
  4014 | D:5      | Killed Grinder
  4014 | D:5      | Reached skill level 6 in Conjurations
  4014 | D:5      | Reached skill level 3 in Hexes
  4124 | D:5      | Reached ** piety under Hepliaklqana
  4125 | D:5      | Remembered your ancestor hypermopl as a battlemage
  4159 | D:5      | Found a shimmering altar of Xom.
  4195 | D:5      | Found a shimmering blue altar of Sif Muna.
  4258 | D:5      | Reached skill level 5 in Spellcasting
  4258 | D:5      | Reached XP level 8. HP: 46/46 MP: 11/15
  4335 | D:5      | Found a staircase to the Ecumenical Temple.
  4366 | D:5      | Noticed Ijyb
  4373 | D:5      | Killed Ijyb
  4373 | D:5      | Reached skill level 4 in Hexes
  4687 | D:5      | Found a white marble altar of Elyvilon.
  4822 | D:6      | Learned a level 4 spell: Iskenderun's Mystic Blast
  4946 | D:6      | Reached skill level 7 in Conjurations
  5085 | D:6      | Found a white marble altar of Elyvilon.
  5183 | D:6      | Found a radiant altar of Vehumet.
  5274 | D:6      | Found a sand-covered staircase.
  5279 | Ossuary  | Entered an ossuary
  5292 | Ossuary  | Reached skill level 1 in Translocations
  5520 | Ossuary  | Reached skill level 6 in Spellcasting
  5530 | Ossuary  | Reached XP level 9. HP: 51/51 MP: 11/18
  5715 | Ossuary  | Reached skill level 5 in Hexes
  5716 | Ossuary  | Reached skill level 2 in Translocations
  6204 | D:7      | Upgraded the game from 0.25-a0-366-g516bc45ae0 to
                  | 0.25-a0-388-g41a7e554cb
  6211 | D:7      | Reached skill level 8 in Conjurations
  6224 | D:7      | Noticed a hippogriff
  6234 | D:7      | Killed a hippogriff
  6403 | D:$      | Got out of the dungeon alive.

Levels and vault maps discovered:
D:1:      elethiomel_arrival_maze, layout_rooms, serial_park_tiny_2
D:2:      layout_basic, nicolae_overflow_crystal_walls, lemuel_round_altar,
          uniq_natasha
D:3:      layout_loops_ring, okawaru_metal_pillars_3,
          gammafunk_temple_overflow_claw, portal_sewer_entry_f, first_ration,
          nicolae_dithmenos_shadow_blocks
D:4:      layout_basic, kennysheep_mini
D:5:      layout_basic, xom_butterflies, old_standard_altar,
          lemuel_coloured_pillars_altar, minmay_temple_entry_trees, uniq_ijyb,
          uniq_grinder
D:6:      layout_layer_cave, vehumet_statue, nicolae_ossuary_entry_plus,
          elyvilon_altar_3
D:7:      layout_gridville, kennysheep_little_box

Skill      XL: |  1  2  3  4  5  6  7  8  9 |
---------------+----------------------------+-----
Spellcasting   | 3 4 5 6 |  6.8
Conjurations   | 5 6 7 8 |  8.2
Hexes          | 1 2 3 4 5 |  5.0
Translocations | 1 2 |  2.7
Dodging        | |  2.0
Stealth        | |  2.0

Action                   |  1- 3 |  4- 6 |  7- 9 || total
-------------------------+-------+-------+-------++-------
Melee: Unarmed           |       |       |     3 ||     3
 Cast: Magic Dart        |    21 |    71 |    62 ||   154
       Searing Ray       |     2 |    18 |    31 ||    51
       Fulminant Prism   |       |       |     1 ||     1
Invok: Ancestor Identity |       |     1 |       ||     1
       Ancestor Life: Ba |       |       |     1 ||     1
Evoke: Wand              |       |       |     1 ||     1
  Use: Scroll            |       |     7 |     7 ||    14
       Potion            |       |     2 |       ||     2
  Eat: Chunk             |       |     9 |     6 ||    15
       Ration            |       |       |     1 ||     1
Armor: Robe              |       |     5 |       ||     5
       Troll leather arm |       |     6 |    34 ||    40
Dodge: Dodged            |     4 |    34 |    47 ||    85

Table legend:
 A = Non-vault XP
 B = Vault XP
 C = Vault XP percentage of total XP
 D = Non-vault monster count
 E = Vault monster count
 F = Vault count percentage of total count
                 A         B        C        D         E       F
            +---------+---------+-------+---------+---------+-------
      Total |    1604 |    1194 |  42.7 |      88 |      42 |  32.3
            +---------+---------+-------+---------+---------+-------
        D:1 |       8 |       0 |   0.0 |       4 |       0 |   0.0
        D:2 |      63 |      36 |  36.4 |      17 |       1 |   5.6
        D:3 |      69 |      15 |  17.9 |      15 |       6 |  28.6
        D:4 |     142 |       0 |   0.0 |      14 |       0 |   0.0
        D:5 |     497 |     308 |  38.3 |      13 |       2 |  13.3
        D:6 |     530 |      32 |   5.7 |      23 |       1 |   4.2
        D:7 |     295 |       0 |   0.0 |       2 |       0 |   0.0
      Sewer |       0 |     154 | 100.0 |       0 |       8 | 100.0
    Ossuary |       0 |     649 | 100.0 |       0 |      24 | 100.0
            +---------+---------+-------+---------+---------+-------
